 Dungeon Crawl Stone Soup version 0.15-a0-1968-gb423ccb (webtiles) character file.

38100 Amnesiac the Transmogrifier (level 14, -11/143 HPs)
             Began as an Ogre Transmuter on July 9, 2014.
             Was a High Priest of Dithmenos.
             Mangled by a yak (15 damage)
             ... while paralysed
             ... on Level 6 of the Lair of Beasts on July 10, 2014.
             The game lasted 01:35:34 (28088 turns).

Amnesiac the Transmogrifier (Ogre Transmuter)      Turns: 28088, Time: 01:35:34

HP -11/143       AC 11     Str 18      XL: 14   Next:  0%
MP  21/34        EV  1     Int 12      God: Dithmenos [*****.]
Gold 931         SH  0     Dex 13      Spells: 12 memorised,  1 level left

rFire  . . .     SeeInvis .       - Unarmed
rCold  + . .     Clarity  .     x - +1 robe {rC+}
rNeg   . . .     rCorr    +     (shield restricted)
rPois  .         rRot     .     (helmet restricted)
rElec  .         Spirit   .     A - +2 cloak
SustAb .         Warding  .     (gloves unavailable)
rMut   .         Stasis   .     (boots unavailable)
Gourm  .                        U - amulet of resist corrosion
MR     +++..                    r - ring of protection from magic
                                n - ring of protection from magic

@: paralysed, very slightly contaminated, starving, wreathed by umbra, extremely
resistant to hostile enchantments, very unstealthy
A: unfitting armour, rough black scales 1, tough skin 1
a: Shadow Step, Shadow Form, Renounce Religion


You were on level 6 of the Lair of Beasts.
You worshipped Dithmenos.
Dithmenos was extremely pleased with you.
You were starving.

You visited 3 branches of the dungeon, and saw 16 of its levels.
You also visited: Sewer and Bailey.

You collected 1267 gold pieces.
You spent 336 gold pieces at shops.

Inventory:

Hand weapons
 q - a +1 blowgun
Missiles
 b - 169 arrows
 e - 20 arrows of flame
 g - 6 curare-tipped needles
 o - 101 poisoned needles
 p - 2 large rocks
 w - a throwing net (quivered)
 O - 8 needles of confusion
 Z - 14 arrows of frost
Armour
 x - a +1 robe of cold resistance (worn)
 A - a +2 cloak (worn)
Magical devices
 c - a wand of paralysis (11)
 d - a wand of polymorph (0)
 i - a wand of cold (5)
 C - a wand of random effects (2)
 S - a wand of digging (24)
Comestibles
 a - 9 meat rations
 j - 8 bread rations
 l - 2 beef jerkies
 D - 21 fruits
 G - 3 slices of pizza
 J - a rotting chunk of hound flesh
 P - 2 chunks of water moccasin flesh
 T - a rotting chunk of quokka flesh
 Y - 4 rotting chunks of sheep flesh
Scrolls
 m - 10 scrolls of remove curse
 s - 3 scrolls of teleportation
 y - 7 scrolls of fog
 B - a scroll of enchant armour
 H - 3 scrolls of blinking
 N - 2 scrolls of amnesia
 W - a scroll of magic mapping
Jewellery
 n - a ring of protection from magic (left hand)
 r - a ring of protection from magic (right hand)
 E - an uncursed ring of see invisible
 F - a +4 ring of strength
 Q - an uncursed ring of sustain abilities
 U - an amulet of resist corrosion (around neck)
 V - an uncursed ring of ice
Potions
 f - a potion of invisibility {unknown}
 h - 2 potions of lignification
 k - 3 potions of porridge
 t - 3 potions of flight
 u - 3 potions of heal wounds
 v - a potion of restore abilities
 z - 2 potions of mutation
 I - a potion of magic
 K - 2 potions of haste
 M - 3 potions of brilliance
Books
 L - a book of the Dragon

   Spells                             Type                      Level
   *Flight                            Charms/Air                   3
   Cause Fear                         Hexes                        4
   Bolt of Fire                       Conjuration/Fire             6
   *Dragon Form                       Transmutation                7
   Dragon's Call                      Summoning                    9
 R - a book of Wizardry

   Spells                             Type                      Level
   Agony                              Necromancy                   5
   Force Lance                        Conjuration                  5
   Dispersal                          Translocation                6
   Haste                              Charms                       6
   Invisibility                       Hexes                        6
   Spellforged Servitor               Conjuration/Summoning        7


   Skills:
 - Level 10.1 Fighting
 - Level 7.5 Dodging
 - Level 5.4 Unarmed Combat
 - Level 12.0 Spellcasting
 + Level 13.2 Transmutations


You had one spell level left.
You knew the following spells:

 Your Spells              Type           Power        Failure   Level  Hunger
a - Repel Missiles        Chrm/Air       #.....       14%         2    None
b - Blink                 Tloc           N/A          14%         2    None
c - Ice Form              Ice/Trmt       ###.......   8%          4    ###....
d - Sticks to Snakes      Trmt           #####.....   1%          2    None
e - Apportation           Tloc           #.........   12%         1    None
f - Summon Butterflies    Summ           #.......     12%         1    None
g - Swiftness             Chrm/Air       #.......     14%         2    None
h - Flight                Chrm/Air       #.........   30%         3    #......
i - Alistair's Intoxicat  Trmt/Pois      ###.....     8%          4    ###....
j - Dragon Form           Trmt           #####.....   38%         7    #######
q - Spider Form           Trmt/Pois      ###.......   1%          3    #......
x - Blade Hands           Trmt           #####.....   1%          5    #####..


Dungeon Overview and Level Annotations

Branches:
Dungeon (8/15)             Temple (1/1) D:5            Lair (7/8) D:8
  Swamp (0/5) Lair:5       Spider (0/5) Lair:3
  Slime: Lair:6-8

Altars:
Cheibriados
Dithmenos
Fedhas
Gozag
Kikubaaqudgha
Makhleb
Okawaru
Qazlal
Sif Muna
Trog
Vehumet
Xom
Yredelemnul
The Shining One

Shops:
D:4 ?


Innate Abilities, Weirdness & Mutations

You are too large for most types of armour.
You have tough skin (AC +1).*
You are partially covered in rough black scales (AC +4, Dex -1).*


Message History

Why would you want to do that? The yak gores you. The yak barely misses you.
The yak gores you but does no damage.
Your body shudders with the violent release of wild energies!
Rough black scales grow over part of your body.
You feel less contaminated with magical energies.
You lose consciousness!
The yak gores you! x2
* * * LOW HITPOINT WARNING * * *
The yak gores you.
* * * LOW HITPOINT WARNING * * *
The yak gores you.
* * * LOW HITPOINT WARNING * * *
The yak gores you but does no damage. The yak gores you.
* * * LOW HITPOINT WARNING * * *
The yak gores you!
* * * LOW HITPOINT WARNING * * *
The yak gores you!
You die...

P####..########P...≈≈≈≈≈.......≈≈
..P#...# #PP.≈≈≈≈≈≈>.....≈≈≈
#..##.## ##...≈≈≈≈#...P..≈≈≈
......# ##..#.≈≈#....#≈≈≈≈≈
......# #P..§..........≈≈≈≈
......## #..§.§.......≈.≈≈≈≈
.......# ##.Y§§§§≈≈≈§§..≈≈≈≈≈
.......## #.YYY≈≈≈≈≈≈§≈...≈≈≈≈
.###.##.# ###@Y§§###≈§≈...≈≈≈≈
#.##.P### ###....≈§§#§§≈≈....≈≈≈
##.#.#######.#....≈§##≈≈≈§.....≈.
#....##.P.##......§≈#≈#§§≈......≈
........%.........§§§≈≈§≈≈.......
...............P...§.............
...................§............#
......#..#.#.....♣♣♣♣♣♣♣♣....#P..
#.....###........♣ ♣....#...


You could see 5 yaks.

Vanquished Creatures
  Fannar (Lair:4)
  6 hydras
  7 death yaks
  Pikel (D:4)
  An orc knight (Bailey)
  An oklob plant (Lair:2)
  2 griffons
  Maurice (D:8)
  6 elephants
  A black mamba (Lair:6)
  8 komodo dragons
  7 spiny frogs
  A fire drake (Lair:4)
  A polar bear (Lair:2)
  Prince Ribbit (Lair:2)
  2 basilisks
  A wyvern (D:8)
  17 blink frogs
  A spriggan (D:7)
  12 yaks
  4 hippogriffs
  Grum (D:8)
  9 swamp worms (D:8)
  6 vampire mosquitoes (Lair:5)
  8 wolves
  4 orc warriors
  11 water moccasins
  14 porcupines
  A yellow wasp (D:8)
  2 black bears (Lair:2)
  4 slaves (D:4)
  8 spiders (Lair:3)
  3 ice beasts
  2 phantoms
  2 sky beasts
  7 ogres
  2 centaurs
  10 crocodiles
  7 big kobolds
  17 giant frogs
  3 scorpions
  A goliath beetle (D:7)
  4 crimson imps
  A lava snake (Lair:6)
  5 jellies (Lair:2)
  4 orc priests
  10 orc wizards
  Crazy Yiuf (D:5)
  A giant frog zombie (D:8)
  14 hounds
  A giant frog skeleton (D:5)
  An orange rat (Lair:1)
  7 iguanas
  7 worker ants
  12 sheep
  Ijyb (D:3)
  A hound zombie (D:7)
  17 adders
  49 green rats
  8 gnolls
  2 giant mites
  A shadow imp (D:5)
  11 worms
  10 giant geckos
  17 oozes
  39 orcs
  A bat skeleton (D:4)
  5 giant cockroaches
  24 hobgoblins
  8 jackals
  53 kobolds
  A ball python (D:4)
  22 bats
  8 giant newts
  14 goblins
  A goblin zombie (D:6)
  A hobgoblin skeleton (D:7)
  2 hobgoblin zombies (D:6)
  A jackal zombie (D:5)
  2 kobold skeletons (D:6)
  2 kobold zombies (D:6)
  2 orc skeletons
  An orc zombie (D:6)
  15 quokkas
  A quokka skeleton (D:8)
  21 rats
  A rat zombie (D:8)
  9 ballistomycetes (D:8)
  A plant (Lair:1)
624 creatures vanquished.

Vanquished Creatures (collateral kills)
  An adder (D:2)
  A giant newt (D:2)
  A giant spore (D:8)
3 creatures vanquished.

Vanquished Creatures (others)
  5 butterflies
  10 fungi
  3 plants (D:8)
18 creatures vanquished.

Grand Total: 645 creatures vanquished

Notes
Turn   | Place    | Note
--------------------------------------------------------------
     0 | D:1      | Amnesiac, the Ogre Transmuter, began the quest for the Orb.
     0 | D:1      | Reached XP level 1. HP: 19/19 MP: 3/3
   289 | D:1      | Reached XP level 2. HP: 27/27 MP: 3/5
   309 | D:1      | Learned a level 2 spell: Sticks to Snakes
   332 | D:1      | Reached skill level 3 in Spellcasting
   812 | D:2      | Reached XP level 3. HP: 28/33 MP: 5/7
   847 | D:2      | Learned a level 3 spell: Spider Form
  1062 | D:3      | Reached XP level 4. HP: 16/41 MP: 1/9
  1204 | D:3      | Found an ancient bone altar of Kikubaaqudgha.
  1234 | D:3      | HP: 2/41 [poisoned by a kobold]
  1458 | D:3      | Reached XP level 5. HP: 16/48 MP: 2/11
  1498 | D:3      | Found a glowing drain.
  1502 | Sewer    | Entered a sewer
  1788 | Sewer    | Found a white marble altar of Elyvilon.
  2119 | D:3      | Reached XP level 6. HP: 61/61 MP: 9/13
  2128 | D:3      | Noticed Ijyb
  2201 | D:5      | Entered Level 5 of the Dungeon
  2275 | D:5      | Reached skill level 4 in Fighting
  2320 | D:5      | Reached XP level 7. HP: 56/70 MP: 9/15
  2472 | D:5      | Noticed Crazy Yiuf
  2486 | D:5      | Killed Crazy Yiuf
  2627 | D:5      | Found a bloodstained altar of Trog.
  2628 | D:5      | Found an iron altar of Okawaru.
  2707 | D:5      | Found a staircase to the Ecumenical Temple.
  2734 | Temple   | Entered the Ecumenical Temple
  2749 | Temple   | Became a worshipper of Dithmenos the Shadowed
  2852 | D:3      | Killed Ijyb
  3914 | D:2      | Found a blossoming altar of Fedhas.
  4799 | D:4      | Found Gupteuli's Magic Scroll Boutique.
  4812 | D:4      | Bought a scroll of identify for 28 gold pieces
  4812 | D:4      | Bought a scroll of identify for 28 gold pieces
  4815 | D:4      | Bought a scroll of fog for 28 gold pieces
  4815 | D:4      | Bought a scroll of teleportation for 42 gold pieces
  4815 | D:4      | Bought a scroll of noise for 14 gold pieces
  4838 | D:4      | Found a shimmering altar of Xom.
  4838 | D:4      | Found a radiant altar of Vehumet.
  4969 | D:4      | Noticed Pikel
  4989 | D:4      | Killed Pikel
  4989 | D:4      | Reached XP level 8. HP: 67/78 MP: 7/19
  5502 | D:5      | Reached skill level 5 in Spellcasting
  5502 | D:5      | Reached skill level 5 in Transmutations
  5523 | D:5      | Learned a level 5 spell: Blade Hands
  5528 | D:5      | Learned a level 4 spell: Ice Form
  6493 | D:6      | Acquired Dithmenos' first power
  6605 | D:6      | Reached skill level 6 in Spellcasting
  6611 | D:6      | Reached XP level 9. HP: 70/84 MP: 22/22
  6839 | D:6      | Found a glowing golden altar of the Shining One.
  7645 | D:6      | Reached skill level 7 in Spellcasting
  8334 | D:7      | Acquired Dithmenos' second power
  8623 | D:7      | Reached skill level 8 in Transmutations
  8672 | D:7      | Reached XP level 10. HP: 92/92 MP: 22/26
  9204 | D:4      | Bought a scroll of blinking for 105 gold pieces
  9204 | D:4      | Bought a scroll of remove curse for 42 gold pieces
  9204 | D:4      | Bought a scroll of amnesia for 49 gold pieces
  9371 | D:8      | Found a staircase to the Lair.
  9537 | D:8      | Acquired Dithmenos' third power
  9647 | D:8      | Noticed Maurice
  9701 | D:8      | Killed Maurice
  9701 | D:8      | Reached skill level 9 in Transmutations
  9933 | D:8      | Found a flagged portal.
  9948 | Bailey   | Entered a bailey
 10076 | Bailey   | Noticed an orc knight
 10638 | Bailey   | Killed an orc knight
 10748 | D:8      | Noticed Grum
 10766 | D:8      | Killed Grum
 11215 | D:8      | Reached XP level 11. HP: 97/100 MP: 27/29
 11939 | D:8      | Reached skill level 10 in Transmutations
 14076 | Lair:1   | Entered Level 1 of the Lair of Beasts
 14175 | Lair:1   | Acquired Dithmenos' fourth power
 14175 | Lair:1   | Reached skill level 10 in Spellcasting
 14769 | Lair:1   | Learned a level 2 spell: Repel Missiles
 14772 | Lair:1   | Learned a level 1 spell: Apportation
 14774 | Lair:1   | Learned a level 1 spell: Summon Butterflies
 14777 | Lair:1   | Learned a level 2 spell: Swiftness
 14781 | Lair:1   | Learned a level 3 spell: Flight
 14803 | Lair:1   | Reached skill level 5 in Dodging
 14806 | Lair:1   | Identified the Volume of Ensnaring Conjuration
 14813 | Lair:1   | Learned a level 2 spell: Blink
 14818 | Lair:1   | Learned a level 4 spell: Alistair's Intoxication
 15016 | Lair:1   | Reached skill level 5 in Fighting
 15018 | Lair:1   | Reached skill level 5 in Unarmed Combat
 15913 | Lair:2   | Noticed an eight-headed hydra
 16088 | Lair:3   | Found a hole to the Spider Nest.
 16445 | Lair:3   | Noticed a six-headed hydra
 16455 | Lair:3   | Killed a six-headed hydra
 16723 | Lair:3   | Reached skill level 10 in Fighting
 16723 | Lair:3   | Reached XP level 12. HP: 32/126 MP: 28/30
 17163 | Lair:2   | Killed an eight-headed hydra
 17448 | Lair:2   | Noticed Prince Ribbit
 17471 | Lair:2   | Killed Prince Ribbit
 20680 | Lair:4   | Reached skill level 11 in Spellcasting
 21095 | Lair:4   | Noticed a seven-headed hydra
 21112 | Lair:4   | Killed a seven-headed hydra
 21121 | Lair:3   | Noticed a death yak
 21126 | Lair:3   | Noticed a death yak
 21382 | Lair:3   | Noticed a death yak
 21427 | Lair:4   | Killed a death yak
 21816 | Lair:3   | Killed a death yak
 21816 | Lair:3   | Reached XP level 13. HP: 55/133 MP: 32/32
 22150 | Lair:3   | Killed a death yak
 22729 | Lair:4   | Noticed Fannar
 23166 | Lair:4   | Killed Fannar
 23166 | Lair:4   | Reached skill level 12 in Transmutations
 24766 | Lair:5   | You fall through a shaft!
 25416 | Lair:5   | Found a staircase to the Swamp.
 26460 | Lair:5   | Learned a level 7 spell: Dragon Form
 27445 | Lair:6   | Was placed under penance by Dithmenos
 27503 | Lair:6   | Was forgiven by Dithmenos
 27706 | Lair:6   | Reached skill level 13 in Transmutations
 27871 | Lair:6   | Reached XP level 14. HP: 143/143 MP: 34/34
 28081 | Lair:6   | Gained mutation: You are partially covered in rough black scales (AC +4, Dex -1). [mutagenic glow]
 28087 | Lair:6   | HP: 4/143 [yak (12)]
 28088 | Lair:6   | Mangled by a yak

Action                   |  1- 3 |  4- 6 |  7- 9 | 10-12 | 13-15 || total
-------------------------+-------+-------+-------+-------+-------++-------
Melee: Unarmed           |   116 |   113 |   745 |  1220 |   544 ||  2738
 Fire: Blowgun           |       |    21 |       |    33 |       ||    54
Throw: Large rock        |       |     1 |       |     4 |       ||     5
       Throwing net      |       |       |       |     3 |       ||     3
 Cast: Beastly Appendage |    20 |     1 |       |       |       ||    21
       Sticks to Snakes  |     2 |       |       |     1 |       ||     3
       Spider Form       |     2 |    12 |    66 |    81 |    47 ||   208
       Ice Form          |       |       |       |    18 |     5 ||    23
       Summon Butterflie |       |       |       |     4 |       ||     4
       Blink             |       |       |       |     6 |     1 ||     7
       Repel Missiles    |       |       |       |     1 |       ||     1
       Blade Hands       |       |       |       |    31 |       ||    31
       Dragon Form       |       |       |       |       |     5 ||     5
 Abil: End Transformatio |       |       |       |     7 |     1 ||     8
       Breathe Fire      |       |       |       |       |     1 ||     1
Evoke: Wand              |       |       |       |     7 |     4 ||    11
  Use: Scroll            |       |       |     5 |    19 |     4 ||    28
       Potion            |       |       |     2 |     8 |       ||    10
 Stab: Distracted        |       |     1 |     1 |       |       ||     2
       Sleeping          |       |     1 |       |     2 |     3 ||     6
  Eat: Chunk             |     1 |     7 |    29 |    48 |    23 ||   108
       Royal jelly       |       |       |       |     1 |       ||     1
       Pizza             |       |       |       |     1 |       ||     1
       Beef jerky        |       |       |       |     1 |       ||     1
       Fruit             |       |       |       |     5 |       ||     5
       Bread ration      |       |       |       |       |     1 ||     1
